 Dungeon Crawl Stone Soup version 0.29.0 (webtiles) character file.

Game seed: 17671380144064874813

863 MemoryOf3nth the Chopper (level 8, -1/68 HPs)
             Began as a Meteoran Cinder Acolyte on Sept 4, 2022.
             Was an Elder of Ignis.
             Slain by a gnoll
             ... wielding a +0 halberd
             ... led by a gnoll sergeant
              (4 damage)
             ... on level 6 of the Dungeon.
             The game lasted 00:03:55 (740 turns).

MemoryOf3nth the Chopper (Meteoran Cinder Acolyte)   Turns: 740, Time: 00:03:56

Health: -1/68      AC: 12    Str: 21    XL:     8   Next: 47%
Magic:  15/16      EV: 11    Int: 15    God:    Ignis [****..]
Gold:   28         SH:  5    Dex: 10    Spells: 14/16 levels left

rFire   + + .      SeeInvis .   a - -1 hand axe (flame)
rCold   . . .      Faith    .   (no shield)
rNeg    . . .      Spirit   .   c - +2 leather armour "Itweot" {rF+ Str+3}
rPois   .          Reflect  +   (no helmet)
rElec   .          Harm     .   (no cloak)
rCorr   .          Rampage  .   (no gloves)
Will    +....                   (no boots)
Stlth   +.........              i - amulet of reflection
HPRegen 0.21/turn               (no ring)
MPRegen 0.15/turn               (no ring)

@: lethally poisoned (-1 -> -4), attractive, fiery-armoured, glowing, invisible
(but backlit and visible)
A: sense surroundings 1, otherworldly, glowing, explore regen
a: Renounce Religion, Fiery Armour, Foxfire Swarm, Rising Flame


You were on level 6 of the Dungeon.
You worshipped Ignis.
Ignis was greatly pleased with you.
You visited 1 branch of the dungeon, and saw 6 of its levels.

You collected 28 gold pieces.


Innate Abilities, Weirdness & Mutations

You passively map a small area around you.
You are easily found by Zot.
You glow in the dark.
You regain HP and MP as you explore.


   Skills:
 + Level 5.3 Fighting
 * Level 7.6 Axes
 + Level 4.7 Spellcasting
 + Level 5.9 Fire Magic


You had 14 spell levels left.
You knew the following spells:

 Your Spells              Type           Power      Damage    Failure   Level
X - Scorch                Fire           42%        2d7       2%          2

Your spell library contained the following spells:

 Spells                   Type           Power      Damage    Failure   Level


Inventory:

Hand Weapons
 a - a -1 hand axe of flaming (weapon)
Armour
 b - a +1 robe
 c - the +2 leather armour "Itweot" (worn) {rF+ Str+3}
   (You found it on level 2 of the Dungeon)

   Str:       It affects your strength (+3).
   rF:        It protects you from fire.
 g - a +0 pair of boots
Jewellery
 i - an amulet of reflection (around neck)
Scrolls
 e - 2 scrolls of enchant armour
 h - a scroll of identify {unknown}
 j - a scroll of poison {unknown}

Dungeon Overview and Level Annotations

Branches:
Dungeon (6/15) Zot: 2858
 Temple: D:4-7

Altars:

Shops:
D:6

:
#.........#*
*
##......###
#.##.###
###..# ##.##
, #..# *
##.## * *
#..# , #@##
* ...<.gg##
.....g.
.......* *
....... *
#...... , ,
##..... ,
*...... > *


You could see 3 gnolls.


Message History

* * * LOW HITPOINT WARNING * * *
You hit the gnoll. You burn the gnoll.
The gnoll is lightly wounded.
The gnoll barely misses you.
The gnoll hits you from afar with a +0 halberd.
* * * LOW HITPOINT WARNING * * *
You hit the gnoll. You burn the gnoll.
The gnoll is moderately wounded.
The gnoll hits you from afar with a +0 halberd!
* * * LOW HITPOINT WARNING * * *
It was a potion of invisibility.
You become transparent, but the glow from your body prevents you from becoming completely invisible.
The gnoll hits you but does no damage.
You are poisoned.
The gnoll is burned by your cloak of flames.
The gnoll is heavily wounded.
The gnoll hits you from afar with a +0 halberd.
* * * LOW HITPOINT WARNING * * *
It was a potion of attraction.
You feel attractive to monsters.
* * * LOW HITPOINT WARNING * * *
You feel sick. You block the gnoll's attack. The gnoll closely misses you.
Unknown command.
Okay, then.
You hit the gnoll but do no damage.
The gnoll is heavily wounded.
* * * LOW HITPOINT WARNING * * *
You feel sick.
The gnoll hits you from afar with a +0 halberd.
You die...

Skill      XL: |  1  2  3  4  5  6  7  8 |
---------------+-------------------------+-----
Axes           | 4 5 6 7 |  7.6
Spellcasting   | 2 3 4 |  4.7
Fire Magic     | 4 5 |  5.9
Fighting       | 4 5 |  5.3

Action                   |  1- 3 |  4- 6 |  7- 9 || total
-------------------------+-------+-------+-------++-------
Melee: Hand axe          |    36 |    40 |    78 ||   154
 Cast: Scorch            |       |       |     3 ||     3
Invok: Fiery Armour      |     1 |     1 |     2 ||     4
  Use: Scroll            |       |     1 |       ||     1
       Potion            |       |       |     2 ||     2
Armor: Robe              |     2 |       |       ||     2
       Leather armour    |    16 |    27 |    27 ||    70
Dodge: Dodged            |    22 |    21 |    42 ||    85
Block: Other             |       |       |     2 ||     2

Levels and vault maps discovered:
D:1:      beargit_arrival_greenhouse, layout_basic, minmay_misc_feat_cross,
          nicolae_hexahallways, chequers_avenue
D:2:      layout_loops_ring, uniq_terence
D:3:      layout_loops_ring, minmay_misc_feat_alley, serial_park_tiny_2,
          nicolae_titane, uniq_ijyb
D:4:      due_chaos_kobolds, layout_loops_ring,
          gammafunk_temple_overflow_statue, minmay_temple_entry_tees,
          serial_shops, nicolae_shop_crystal, grunt_ministairs_2
D:5:      layout_basic
D:6:      layout_cave_pods, mainiacjoe_overflow_concentric_impassable,
          mainiacjoe_overflow_alcove_1, nicolae_shop_self_help

Notes
Turn   | Place    | Note
-------+----------+-------------------------------------------
     0 | D:1      | MemoryOf3nth the Meteoran Cinder Acolyte began the quest
                  | for the Orb.
     0 | D:1      | Reached XP level 1. HP: 19/19 MP: 3/3
    56 | D:1      | Reached XP level 2. HP: 14/26 MP: 3/5
   159 | D:2      | Identified the +2 leather armour "Itweot" {rF+ Str+3}
   178 | D:2      | Reached skill level 4 in Axes
   178 | D:2      | Reached XP level 3. HP: 31/31 MP: 6/6
   194 | D:2      | Reached skill level 2 in Spellcasting
   194 | D:2      | Reached skill level 4 in Fire Magic
   263 | D:4      | Noticed a phantom
   269 | D:4      | Killed a phantom
   270 | D:4      | Reached skill level 4 in Fighting
   270 | D:4      | Reached skill level 5 in Axes
   270 | D:4      | Reached XP level 4. HP: 27/40 MP: 8/8
   270 | D:4      | Reached XP level 5. HP: 31/46 MP: 9/9
   300 | D:4      | Reached XP level 6. HP: 39/52 MP: 11/11
   319 | D:4      | Reached skill level 3 in Spellcasting
   382 | D:5      | Entered Level 5 of the Dungeon
   391 | D:5      | Noticed a black bear
   396 | D:5      | Killed a black bear
   449 | D:5      | Reached skill level 6 in Axes
   449 | D:5      | Reached skill level 5 in Fire Magic
   449 | D:5      | Reached XP level 7. HP: 60/60 MP: 13/13
   496 | D:5      | Learned a level 2 spell: Scorch
   600 | D:6      | Found Katedghui's Self-Improvement Boutique.
   612 | D:6      | Reached skill level 4 in Spellcasting
   635 | D:6      | Reached skill level 5 in Fighting
   635 | D:6      | Reached XP level 8. HP: 47/68 MP: 15/15
   662 | D:6      | Reached skill level 7 in Axes
   738 | D:6      | HP: 6/68 [gnoll/+0 halberd[a gnoll sergeant] (2)]
   740 | D:6      | Slain by a gnoll

Vanquished Creatures
  A black bear (D:5)
  A centaur (D:6)
  2 phantoms
  2 necrophages (D:6)
  A gnoll sergeant (D:6)
  A scorpion (D:6)
  2 hounds
  4 iguanas
  An orc wizard (D:4)
  4 gnolls
  4 adders
  A shadow imp (D:5)
  A dart slug (D:1)
  12 orcs
  2 ball pythons
  An endoplasm (D:1)
  A hobgoblin (D:1)
  2 kobolds (D:1)
  A rat (D:1)
44 creatures vanquished.

Table legend: (Time is in decaauts)
 A = Elapsed time spent in this place.
 B = Non-inter-level travel time spent in this place.
 C = Inter-level travel time spent in this place.
 D = Time resting spent in this place.
 E = Time spent auto-exploring this place.
 F = Levels seen in this place.
 G = Mean time per level.
                   A        B        C        D        E       F      G
               +--------+--------+--------+--------+--------+-----+--------+
         Total |    740 |    740 |      0 |      0 |     29 |   6 |  123.3 |
       Dungeon |    740 |    740 |      0 |      0 |     29 |   6 |  123.3 |
               +--------+--------+--------+--------+--------+-----+--------+

Top non-repeatable levels by time:
     D:5: 191 daAuts
     D:6: 163 daAuts
     D:1: 139 daAuts
     D:4: 120 daAuts
     D:2: 78 daAuts
     D:3: 47 daAuts

Table legend:
 A = Non-vault XP
 B = Vault XP
 C = Vault XP percentage of total XP
 D = Non-vault monster count
 E = Vault monster count
 F = Vault count percentage of total count
                 A         B        C        D         E       F
            +---------+---------+-------+---------+---------+-------
      Total |    1125 |     108 |   8.8 |      42 |       2 |   4.5
            +---------+---------+-------+---------+---------+-------
        D:1 |      13 |       0 |   0.0 |       7 |       0 |   0.0
        D:2 |      26 |       0 |   0.0 |       2 |       0 |   0.0
        D:3 |      15 |       0 |   0.0 |       5 |       0 |   0.0
        D:4 |     132 |     108 |  45.0 |       8 |       2 |  20.0
        D:5 |     331 |       0 |   0.0 |       7 |       0 |   0.0
        D:6 |     608 |       0 |   0.0 |      13 |       0 |   0.0
            +---------+---------+-------+---------+---------+-------
